 Dungeon Crawl Stone Soup version 0.31.0-9-g3a7656b989 (webtiles) character file.

Game seed: 5523791638650200661

98 Drablr the Shooter (level 4, -8/37 HPs)
             Began as a Draconian Hunter on Jan 25, 2024.
             Mangled by an iguana (10 damage)
             ... on level 3 of the Dungeon.
             The game lasted 00:04:37 (830 turns).

Drablr the Shooter (Draconian Hunter)                Turns: 830, Time: 00:04:38

Health: -8/37      AC:  5    Str: 14    XL:     4   Next: 43%
Magic:  4/4        EV: 12    Int: 11    God:
Gold:   109        SH:  0    Dex: 14    Spells: 4/4 levels left

rFire   . . .        d - +0 hand axe
rCold   . . .        (no shield)
rNeg    . . .        (body armour unavailable)
rPois   .            (helmet restricted)
rElec   .            (no cloak)
rCorr   .            (no gloves)
SInv    .            (no boots)
Will    .....        (no amulet)
Stlth   ++           (no ring)
HPRegen 0.26/turn    (no ring)
MPRegen 0.09/turn

%: no passive effects
@: no status effects
A: AC +5, unfitting armour, cold-blooded
a: no special abilities


You were on level 3 of the Dungeon.
You visited 1 branch of the dungeon, and saw 3 of its levels.

You collected 109 gold pieces.

Inventory:

Hand Weapons
 a - a +1 shortbow
 d - a +0 hand axe (weapon)
Missiles
 c - 5 boomerangs (quivered)
Wands
 b - a wand of iceblast (3)
Potions
 e - 2 potions of magic {unknown}


   Skills:
 * Level 2.6 Fighting
 * Level 1.1 Axes
 * Level 4.1 Ranged Weapons
 * Level 1.6 Throwing
 * Level 2.2 Dodging
 * Level 1.2 Stealth
 * Level 0.6 Spellcasting
 * Level 0.2 Evocations


You had 4 spell levels left.
You didn't know any spells.
Your spell library contained the following spells:

 Spells                   Type           Power      Damage    Failure   Level
 Passage of Golubria      Tloc           0%         N/A       98%         4
 Silence                  Hex/Air        0%         N/A       100%        5
 Summon Forest            Summ/Tloc      0%         N/A       100%        5
 Summon Mana Viper        Hex/Summ       0%         N/A       100%        5
 Summon Cactus Giant      Summ           0%         N/A       100%        6
 Lehudib's Crystal Spear  Conj/Erth      0%         10d2      100%        8


Dungeon Overview and Level Annotations

Branches:
Dungeon (3/15)

Altars:


Innate Abilities, Weirdness & Mutations

Your plain brown scales are hard. (AC +5)
You cannot fit into any form of body armour.
You are cold-blooded and may be slowed by cold attacks.


Message History

Press: ? - help, Q - select action, (/) - cycle Shift-Dir - straight line, f/p - iguana
Aim: an iguana (lightly wounded, 60% to hit)
You throw a boomerang.
The boomerang hits the iguana but does no damage.
The iguana is lightly wounded.
Throw: 5 boomerangs
Press: ? - help, Q - select action, (/) - cycle Shift-Dir - straight line, f/p - iguana
Aim: an iguana (lightly wounded, 60% to hit)
You throw a boomerang. The boomerang barely misses the iguana.
The iguana bites you!
Unknown command.
You barely miss the iguana.
The iguana is lightly wounded.
The iguana barely misses you.
You hit the iguana but do no damage.
The iguana is lightly wounded.
The iguana closely misses you.
You barely miss the iguana.
The iguana is lightly wounded.
The iguana bites you!
You hit the iguana.
The iguana is moderately wounded.
The iguana bites you.
The iguana bites you but does no damage.
You hit the iguana but do no damage.
The iguana is moderately wounded.
The iguana bites you!
* * * LOW HITPOINT WARNING * * *
You barely miss the iguana.
The iguana is moderately wounded.
The iguana misses you.
The iguana bites you but does no damage.
The iguana attacks as it pursues you! The iguana bites you.
* * * LOW HITPOINT WARNING * * *
The iguana bites you!
* * * LOW HITPOINT WARNING * * *
The iguana attacks as it pursues you!
The iguana bites you but does no damage.
The iguana attacks as it pursues you! The iguana bites you!
You die...

#.....#.###
#.........#
#........
#....... ##
#.##...#########
#..
#.......)†.....#
#.#
...##...####.##.#
#.# ....$.##
#.##l# #.# #####.
#.##@###.## ..
#.##.##...####
#.#
#.##†........# #.
#.##..#...##.# #.
#.##^.##.###†#
#..##§# #>#
#..##.# #.#
#..##.# #.#
#..#..# #.#


You could see an iguana.

Vanquished Creatures
  A bombardier beetle (D:3)
  4 adders (D:2)
  A dart slug (D:1)
  A ribbon worm (D:2)
  A bat (D:2)
  2 endoplasms (D:1)
  A giant cockroach (D:2)
  3 goblins
  2 hobgoblins
  5 ball pythons
  3 kobolds (D:1)
  4 rats
28 creatures vanquished.

Notes
Turn   | Place    | Note
-------+----------+-------------------------------------------
     0 | D:1      | Drablr the Draconian Hunter began the quest for the Orb.
     0 | D:1      | Reached XP level 1. HP: 17/17 MP: 1/1
   289 | D:1      | Reached XP level 2. HP: 25/25 MP: 2/2
   422 | D:2      | Reached skill level 4 in Ranged Weapons
   422 | D:2      | Reached skill level 1 in Stealth
   548 | D:2      | Reached XP level 3. HP: 29/30 MP: 3/3
   573 | D:2      | Reached skill level 1 in Throwing
   814 | D:3      | Reached skill level 1 in Axes
   814 | D:3      | Reached XP level 4. HP: 33/37 MP: 4/4
   828 | D:3      | HP: 1/37 [iguana (8)]
   830 | D:3      | Mangled by an iguana

Illustrated notes

Levels and vault maps discovered:
D:1:      saegor_arrival_miasma, layout_basic, serial_curves, eino_curves_02,
          eino_curves_04, minmay_misc_feat_secret_circle
D:2:      layout_rooms, dk_vineyard_2, minmay_pentomino_t2
D:3:      layout_loops_ring, uniq_robin

Skill      XL: |  1  2  3 |
---------------+----------+-----
Dodging        | 2 |  2.2
Ranged Weapons | 4 |  4.1
Stealth        | 1 |  1.2
Throwing       | 1 |  1.6
Axes           | 1 |  1.1
Fighting       | |  2.6
Spellcasting   | |  0.6
Evocations     | |  0.2

Action                     |  1- 3 |  4- 6 || total
---------------------------+-------+-------++-------
  Melee: Hand axe          |    49 |     6 ||    55
         Tailslap          |     8 |       ||     8
   Fire: Shortbow          |     4 |       ||     4
  Throw: Boomerang         |    43 |     5 ||    48
  Evoke: Wand              |     2 |       ||     2
    Use: Scroll            |     8 |       ||     8
         Potion            |     1 |       ||     1
 Armour: Skin              |    35 |    10 ||    45
  Dodge: Dodged            |    34 |     3 ||    37
